 Dungeon Crawl Stone Soup version 0.30-a0-956-gcec3b41aec (webtiles) character file.

Game seed: 3567154176614703051

534 billz999 the Caller (level 7, -2/46 HPs)
             Began as a Demonspawn Ice Elementalist on Mar 30, 2023.
             Slain by Pikel
             ... wielding a +2 whip of freezing
              (4 damage)
             ... on level 4 of the Dungeon.
             The game lasted 00:10:32 (4170 turns).

billz999 the Caller (Demonspawn Ice Elementalist)   Turns: 4170, Time: 00:10:33

Health: -2/46      AC:  6    Str:  9    XL:     7   Next: 4%
Magic:  2/14       EV: 12    Int: 18    God:
Gold:   175        SH:  0    Dex: 13    Spells: 7/15 levels left

rFire   . . .      SeeInvis .    a - +4 club (spect)
rCold   . . .      Faith    .    (no shield)
rNeg    . . .      Spirit   .    e - +0 robe
rPois   .          Reflect  .    (helmet restricted)
rElec   .          Rampage  .    (no cloak)
rCorr   .                        n - +0 pair of gloves
Will    .....                    (no boots)
Stlth   ++                       (no amulet)
HPRegen 0.27/turn                (no ring)
MPRegen 0.14/turn                (no ring)

@: freezing walls
A: horns 1, thin metallic scales 2, ignite blood 1
a: no special abilities


You were on level 4 of the Dungeon.
You visited 1 branch of the dungeon, and saw 4 of its levels.

You collected 175 gold pieces.

Inventory:

Hand Weapons
 a - a +4 spectral club (weapon)
 b - a +0 shortbow
 d - a +0 dagger
 h - a +0 quarterstaff of draining
Armour
 e - a +0 robe (worn)
 m - a +0 ring mail of cold resistance
 n - a +0 pair of gloves (worn)
Jewellery
 k - a ring of protection from cold
Scrolls
 f - 2 scrolls of teleportation
 g - a scroll of fog
 i - a scroll of fear
 l - a scroll of vulnerability
 o - a scroll of noise
 p - a scroll of magic mapping {unknown}
 q - 2 scrolls of amnesia
 s - a scroll of poison {unknown}
 u - a scroll of immolation
Potions
 c - a potion of cancellation
 j - 3 potions of curing {unknown}
 r - a potion of heal wounds
 v - a potion of magic
 w - a potion of haste {unknown}


   Skills:
 - Level 1.7 Dodging
 - Level 1.7 Stealth
 - Level 4.7 Spellcasting
 + Level 4.8 Summonings
 - Level 4.4 Ice Magic


You had 7 spell levels left.
You knew the following spells:

 Your Spells              Type           Power      Damage    Failure   Level
a - Freeze                Ice            80%        1d9       2%          1
b - Frozen Ramparts       Ice            40%        1d7       7%          3
c - Summon Ice Beast      Ice/Summ       20%        N/A       21%         4

Your spell library contained the following spells:

 Spells                   Type           Power      Damage    Failure   Level
 Ozocubu's Armour         Ice            20%        N/A       7%          3
 Inner Flame              Hex/Fire       4%         N/A       38%         3
 Vhi's Electric Charge    Tloc/Air       8%         N/A       38%         3
 Flame Wave               Conj/Fire      4%         2d5       80%         4
 Sticky Flame             Conj/Fire      4%         2d3       80%         4
 Arcjolt                  Conj/Air       2%         1d12      98%         5
 Maxwell's Capacitive Co  Air            2%         ∞         100%        8


Dungeon Overview and Level Annotations

Branches:
Dungeon (4/15)
 Temple: D:4-7

Altars:
Xom

Shops:
D:4 ?

Annotations:
D:4 Pikel


Innate Abilities, Weirdness & Mutations

You have a pair of small horns on your head.
You are mostly covered in thin metallic scales. (AC +3)
Your demonic aura sometimes causes spilled blood to erupt in flames.


Message History

You closely miss Pikel. Your headbutt misses Pikel.
Pikel is almost dead.
Your +4 spectral club misses Pikel.
Your ice beast hits the lemure but does no damage.
The wall freezes the lemure. x2; Pikel closely misses you.
Unknown command.
You miss Pikel. You headbutt Pikel, but do no damage.
Pikel is almost dead.
Your +4 spectral club hits Pikel but does no damage.
Your ice beast barely misses the lemure.
The wall freezes the lemure but does no damage.
The wall freezes the lemure.
The lemure hits you.
* * * LOW HITPOINT WARNING * * *
Pikel hits your +4 spectral club with a +2 whip of freezing.
Your spectral weapon shares its damage with you!
Pikel freezes your +4 spectral club.
* * * LOW HITPOINT WARNING * * *
Your ice beast closely misses the lemure.
You barely miss Pikel.
Pikel is almost dead.
Your +4 spectral club hits Pikel.
Your +4 spectral club fades away.
The wall freezes the lemure.
The lemure barely misses you.
The wall freezes the lemure.
The lemure hits you but does no damage. Pikel barely misses you.
Your ice beast hits the lemure but does no damage.
Unknown command.
Casting: Frozen Ramparts (dangerous; 7% risk of failure)
Confirm with . or Enter, or press ? or * to list all spells.
Aiming: Freeze (safe; 2% risk of failure)
Press: ? - help, Shift-Dir - straight line, f - Pikel
Aim: Pikel, wielding a +2 whip of freezing and wearing a +2 robe of resistance (almost dead)
You freeze Pikel.
Pikel resists.
Pikel is almost dead.
The wall freezes the lemure but does no damage.
The lemure closely misses you.
The wall freezes the lemure but does no damage.
The lemure closely misses you.
Pikel hits you with a +2 whip of freezing.
You die...

.####...............#
.........#.##+#####.# #########
..###.#....# #5###.......#
......#....# #.....###...##
#.##>.#..#.# #5##..##.###<##
#.##..#....# #.##..##.# #...
#..........# #.[.>....###.##
########...########..#........##
## #.#......@5..##.########
##### ##.#.##.##5KY....# #∩'.#
#................# ###.#
#...######.##.##.# #.#[# #...#
#.##.##.# #######
....###...######.......# #.....#
##............##..##.#.###.....#
#.............#..##.#.........#
##.............#.....).###.....#


You could see Pikel, 2 lemures and a friendly ice beast (summoned).

Vanquished Creatures
  A black bear (D:4)
  A centaur (D:4)
  An ogre (D:3)
  2 lemures (D:4)
  A jelly (D:4)
  Crazy Yiuf (D:2)
  A sleepcap (D:4)
  Jessica (D:2)
  Terence (D:2)
  Robin (D:2)
  2 adders
  3 worms
  4 dart slugs
  An orc (D:3)
  4 ball pythons
  12 endoplasms
  3 giant cockroaches
  12 goblins
  7 hobgoblins
  3 jackals (D:1)
  14 kobolds
  2 quokkas
  A ball python zombie (D:3)
  6 bats
  4 frilled lizards
  9 rats
98 creatures vanquished.

Vanquished Creatures (others)
  2 withered plants (D:3)
2 creatures vanquished.

Grand Total: 100 creatures vanquished

Notes
Turn   | Place    | Note
-------+----------+-------------------------------------------
     0 | D:1      | billz999 the Demonspawn Ice Elementalist began the quest
                  | for the Orb.
     0 | D:1      | Reached XP level 1. HP: 13/13 MP: 3/3
   189 | D:1      | Gained mutation: You are partially covered in thin metallic
                  | scales. (AC +2) [demonic ancestry]
   189 | D:1      | Reached XP level 2. HP: 19/19 MP: 5/5
   513 | D:1      | Gained mutation: You have a pair of small horns on your
                  | head. [demonic ancestry]
   513 | D:1      | Reached XP level 3. HP: 22/24 MP: 4/7
   584 | D:1      | Learned a level 3 spell: Frozen Ramparts
   967 | D:1      | Found a faded altar of an unknown god.
  1296 | D:2      | Found a runed translucent door.
  1297 | D:2      | Noticed Crazy Yiuf
  1340 | D:2      | Gained mutation: Your demonic aura sometimes causes spilled
                  | blood to erupt in flames. [demonic ancestry]
  1340 | D:2      | Reached XP level 4. HP: 30/30 MP: 6/10
  1704 | D:2      | Noticed Terence
  1709 | D:2      | Killed Terence
  1912 | D:2      | Found a shimmering altar of Xom.
  1912 | D:2      | Noticed Jessica
  1931 | D:2      | Killed Jessica
  2245 | D:2      | Noticed Robin
  2251 | D:2      | Reached XP level 5. HP: 34/35 MP: 7/11
  2257 | D:2      | Killed Robin
  2444 | D:2      | Killed Crazy Yiuf
  2963 | D:3      | Noticed an ogre
  3082 | D:3      | Learned a level 4 spell: Summon Ice Beast
  3112 | D:3      | Killed an ogre
  3113 | D:3      | Gained mutation: You are mostly covered in thin metallic
                  | scales. (AC +3) [demonic ancestry]
  3113 | D:3      | Reached XP level 6. HP: 41/41 MP: 10/13
  3815 | D:4      | Found Awi Roe's Magic Scroll Shop.
  3825 | D:4      | Reached XP level 7. HP: 45/46 MP: 9/14
  4129 | D:4      | Noticed Pikel
  4168 | D:4      | HP: 2/46 [lemure[Pikel] (5)]
  4170 | D:4      | Slain by Pikel

Illustrated notes

Levels and vault maps discovered:
D:1:      psy_arrival_whirlpool, layout_basic, basic_ecumenical_altar,
          minmay_pentomino_o4
D:2:      layout_basic, basic_altar, uniq_terence, uniq_robin, uniq_jessica,
          uniq_crazy_yiuf_cottage
D:3:      layout_basic, serial_undead, serial_undead_b, serial_undead_e,
          serial_undead_d, serial_undead_d
D:4:      dreamdust_elfheim, layout_loops_cross, serial_shops,
          nicolae_shop_window_shopping, hangedman_abyss_or_decor_stagger,
          uniq_pikel, uniq_sigmund

Skill      XL: |  1  2  3  4  5  6 |
---------------+-------------------+-----
Spellcasting   | 3 4 |  4.7
Ice Magic      | 4 |  4.4
Summonings     | 2 4 |  4.8
Dodging        | |  1.7
Stealth        | |  1.7

Action                     |  1- 3 |  4- 6 |  7- 9 || total
---------------------------+-------+-------+-------++-------
  Melee: Dagger            |    18 |       |       ||    18
         Unarmed           |     1 |       |       ||     1
         Quarterstaff      |    20 |    22 |       ||    42
         Headbutt          |     2 |    24 |     4 ||    30
         Club              |       |    50 |    12 ||    62
         Punch             |       |     1 |     1 ||     2
   Fire: Shortbow          |       |     2 |       ||     2
   Cast: Freeze            |    39 |     9 |     5 ||    53
         Frozen Ramparts   |     2 |    22 |     3 ||    27
         Summon Ice Beast  |       |       |     1 ||     1
    Use: Potion            |       |     1 |     1 ||     2
         Scroll            |       |     6 |     2 ||     8
   Stab: Sleeping          |     4 |     4 |       ||     8
         Distracted        |       |     1 |       ||     1
 Armour: Robe              |    12 |    20 |     3 ||    35
  Dodge: Dodged            |    41 |    58 |    11 ||   110

Table legend: (Time is in decaauts)
 A = Elapsed time spent in this place.
 B = Non-inter-level travel time spent in this place.
 C = Inter-level travel time spent in this place.
 D = Time resting spent in this place.
 E = Time spent auto-exploring this place.
 F = Levels seen in this place.
 G = Mean time per level.
                   A        B        C        D        E       F      G
               +--------+--------+--------+--------+--------+-----+--------+
         Total |   4201 |   4096 |    105 |    331 |   3078 |   4 | 1050.2 |
       Dungeon |   4201 |   4096 |    105 |    331 |   3078 |   4 | 1050.2 |
               +--------+--------+--------+--------+--------+-----+--------+

Top non-repeatable levels by time:
     D:2: 1408 daAuts
     D:1: 1162 daAuts
     D:3: 883 daAuts
     D:4: 747 daAuts
